 Dungeon Crawl Stone Soup version 0.17.0-24-gcfadda4 (webtiles) character file.

95229 dorian the Black Belt (level 15, -16/149 HPs)
             Began as a Troll Monk on Nov 17, 2015.
             Was the Champion of Jiyva.
             Killed from afar by a war gargoyle (41 damage)
             ... with a spray of metal splinters
             ... on level 13 of the Dungeon.
             The game lasted 01:26:36 (25802 turns).

dorian the Black Belt (Troll Monk)                 Turns: 25802, Time: 01:26:37

Health: -16/149    AC:  5    Str:  8    XL:     15   Next: 28%
Magic:  13/14      EV: 19    Int:  9    God:    Jiyva [******]
Gold:   856        SH:  0    Dex: 29    Spells: 0 memorised, 14 levels left

rFire  + + +     SeeInvis .       - Unarmed
rCold  . . .     Clarity  .     (armour restricted)
rNeg   . . .     SustAt   .     (no shield)
rPois  .         Gourm    +     (helmet restricted)
rElec  .         Spirit   .     y - +0 cloak
rCorr  +         Warding  .     (gloves unavailable)
rMut   .         Stasis   .     (boots unavailable)
MR     +....                    c - amulet of regeneration
Stlth  +++.......               E - ring of protection from fire
                                J - ring of protection from fire

@: very slightly contaminated, heavily drained, somewhat resistant to hostile
enchantments, fairly stealthy
A: unfitting armour, antennae 1, claws 3, breathe flames 1, fire resistance 1,
fast metabolism 3, gourmand, regeneration 2, shaggy fur 1, tough skin 2, acidic
bite, eyeballs 1, gelatinous body 1, pseudopods 1, translucent skin 1, jelly
absorbing missiles
a: Request Jelly, Jelly Paralyse, Slimify, Cure Bad Mutation, Renounce Religion,
Breathe Fire
}: 1/15 runes: slimy


You were on level 13 of the Dungeon.
You worshipped Jiyva.
Jiyva was exalted by your worship.
You were completely stuffed.

You visited 6 branches of the dungeon, and saw 33 of its levels.

You collected 1722 gold pieces.
You spent 866 gold pieces at shops.

Inventory:

Hand Weapons
 v - a +2 giant spiked club
Missiles
 M - 20 javelins (quivered)
Armour
 x - a +0 troll leather armour
 y - a +0 cloak (worn)
 C - a +1 robe of magic resistance
 D - a +0 buckler
 Q - a +0 robe of the Archmagi
Jewellery
 c - an amulet of regeneration (around neck)
 E - a ring of protection from fire (right claw)
 J - a ring of protection from fire (left claw)
Wands
 k - a wand of hasting (2)
 q - a wand of magic darts (14)
 r - a wand of enslavement (4)
 T - a wand of fire (6)
Scrolls
 d - 4 scrolls of teleportation
 e - 9 scrolls of remove curse
 i - a scroll of blinking
 m - 3 scrolls of fog
 u - 4 scrolls of identify
 w - 5 scrolls of enchant armour
 S - 3 scrolls of amnesia
 W - a scroll of immolation {unknown}
 Z - a scroll of magic mapping
Potions
 a - a potion of beneficial mutation
 g - a potion of cancellation
 n - 2 potions of lignification
 o - 2 potions of resistance
 p - 7 potions of curing
 s - 3 potions of brilliance
 A - 3 potions of magic
 F - 3 potions of flight
 G - 3 potions of heal wounds
 H - a potion of agility
 U - a potion of ambrosia
 V - 2 potions of haste
 X - 2 potions of might
Books
 l - a book of Alchemy

   Spells                             Type                      Level
   a - Sublimation of Blood           Necromancy                   2
   b - Ignite Poison                  Fire/Transmutation/Poison    3
   c - Alistair's Intoxication        Transmutation/Poison         4
   d - Condensation Shield            Ice                          4
   e - Petrify                        Transmutation/Earth          4
   f - Irradiate                      Conjuration/Transmutation    5
 I - the Almanac of Arcane Weapons and Ignition
   (You found it on level 6 of the Pits of Slime)

   Spells                             Type                      Level
   a - Flame Tongue                   Conjuration/Fire             1
   b - Conjure Flame                  Conjuration/Fire             3
   c - Bolt of Fire                   Conjuration/Fire             6
   d - Delayed Fireball               Conjuration/Fire             7
 K - a book of Summonings

   Spells                             Type                      Level
   a - Recall                         Summoning/Translocation      3
   b - Aura of Abjuration             Summoning                    5
   c - Shadow Creatures               Summoning                    5
   d - Summon Demon                   Summoning                    5
   e - Summon Forest                  Summoning/Translocation      5
   f - Summon Mana Viper              Hexes/Summoning              5
 N - a book of Flames

   Spells                             Type                      Level
   a - Flame Tongue                   Conjuration/Fire             1
   b - Throw Flame                    Conjuration/Fire             2
   c - Conjure Flame                  Conjuration/Fire             3
   d - Inner Flame                    Hexes/Fire                   3
   e - Sticky Flame                   Conjuration/Fire             4
   f - Fireball                       Conjuration/Fire             5
 O - a book of Enchantments

   Spells                             Type                      Level
   a - Cause Fear                     Hexes                        4
   b - Silence                        Hexes/Air                    5
   c - Deflect Missiles               Charms/Air                   6
   d - Haste                          Charms                       6
   e - Discord                        Hexes                        8
 P - a book of Fire

   Spells                             Type                      Level
   a - Ignite Poison                  Fire/Transmutation/Poison    3
   b - Fireball                       Conjuration/Fire             5
   c - Bolt of Fire                   Conjuration/Fire             6
   d - Delayed Fireball               Conjuration/Fire             7
   e - Ring of Flames                 Charms/Fire                  7
 Y - Bioggong's Grimoire of Nocuous Conjuration
   (You found it on level 6 of the Pits of Slime)

   Spells                             Type                      Level
   a - Sting                          Conjuration/Poison           1
   b - Mephitic Cloud                 Conjuration/Poison/Air       3
   c - Venom Bolt                     Conjuration/Poison           5
   d - Freezing Cloud                 Conjuration/Ice/Air          6
Miscellaneous
 t - a phial of floods
 L - a phial of floods
 R - a fan of gales
Comestibles
 b - 15 bread rations
 f - 7 meat rations
 h - 18 chunks of flesh
 j - 2 royal jellies
 z - 3 beef jerkies
 B - 6 fruits


   Skills:
 + Level 9.7(8.3) Fighting
 - Level 11.4(9.9) Maces & Flails
 - Level 4.8(3.6) Throwing
 * Level 7.4(6.1) Armour
 - Level 10.0(8.5) Dodging
 - Level 1.1(0.0) Stealth
 + Level 15.9(14.3) Unarmed Combat


You had 14 spell levels left.
You didn't know any spells.

Dungeon Overview and Level Annotations

Branches:
Dungeon (13/15)            Temple (1/1) D:5            Lair (8/8) D:9
 Shoals (0/4) Lair:4        Snake (1/4) Lair:3        Slime (6/6) Lair:6
    Orc (4/4) D:9             Elf (0/3) Orc:4        Vaults (0/5) D:13

Altars:
Ashenzari
Cheibriados
Dithmenos
Elyvilon
Fedhas
Gozag
Kikubaaqudgha
Makhleb
Nemelex Xobeh
Okawaru
Qazlal
Ru
Sif Muna
Trog
Vehumet
Xom
Yredelemnul
Zin
The Shining One
Beogh
Jiyva

Shops:
D:7 %   D:8 ?   Orc:4 (:!%

Portals:
Hell: Lair:8

Annotations:
Slime:2 Dissolution
Slime:6 Royal Jelly


Innate Abilities, Weirdness & Mutations

You are too large for most types of armour.
You have claws for hands.
Your metabolism is lightning-fast.
You like to eat raw meat.
You heal very quickly.
You are covered in fur (AC +1).
You have very tough skin (AC +2).
You have a pair of small antennae on your head.
You can breathe flames.
Your flesh is heat resistant.
You have acidic saliva.
Your body is partially covered in golden eyeballs (Acc +3).
Your rubbery body absorbs attacks (AC +1).
Armour fits poorly on your pseudopods.
Your skin is partially translucent (Stealth, -foe acc).
You have a small jelly attached to you that may absorb incoming projectiles.


Message History

You feel drained.
* * * LOW HITPOINT WARNING * * *
You feel less slimy. The war gargoyle misses you.
There is an open door here.
The war gargoyle launches metal splinters at you.
The spray of metal splinters hits you!
* * * LOW HITPOINT WARNING * * *
Read which item? (? for menu, Esc to quit)
Blink to where?
Press: ? - help, Dir - move target cursor You are very lightly contaminated with residual magic.
As you read the scroll of blinking, it crumbles to dust.
Read which item? (? for menu, Esc to quit)
As you read the scroll of fog, it crumbles to dust.
The scroll dissolves into smoke.
There is an open door here.
The war gargoyle launches metal splinters at you.
The spray of metal splinters hits you!
You die...

#.......#....#...#.#..
#.....§§#....#...#.... ###
##############§#....#...#....
..###........C.§§{§§.##)#...###'#
....'§..#...##.§###§.##.#...##..#
...9#...#...##..###9.##......#..#
....#................##.#....#..#
#C###......######'##.##.#....#..#
#p..########..<.@..#.##.#....#..#
#=)|# #.......#.##.#....#..#
##### #.......))##......#..#
#..###'##)##.#....#..#
#####...#.##.#...#####
#...#....#...#....
#...#....#...#.##. #...
#...#....#...#.##. ....#....
#####....#...#.J.>


You could see a war gargoyle.

Vanquished Creatures
  An orc warlord (Orc:3)
  Nessos (Lair:5)
  A dire elephant (Lair:8)
  Snorg (Orc:1)
  Josephine (D:10)
  5 vault guards (D:13)
  A hell beast (Lair:8)
  3 hydras
  The ghost of Sagrath01 the Archer, a journeyman CeTm of Okawaru (Orc:3)
  An anaconda (Snake:1)
  5 death yaks (Lair:8)
  A shock serpent (Lair:3)
  3 orc high priests (Orc:4)
  Nergalle (Orc:1)
  2 unseen horrors
  2 hill giants (D:13)
  A lindwurm (Lair:8)
  4 orc knights (Orc:4)
  The ghost of lucasterio the Basher, a novice MiBe of Trog (D:6)
  2 griffons
  A wizard (Lair:8)
  2 ugly things (D:11)
  6 orc sorcerers
  2 manticores
  18 elephants
  Joseph (D:8)
  2 centaur zombies
  9 black mambas
  A gargoyle (D:13)
  8 spiny frogs
  5 orange demons (Lair:8)
  4 fire drakes
  A yaktaur (D:13)
  A tengu conjurer (D:13)
  11 komodo dragons
  3 blue devils (Lair:8)
  2 red devils (Lair:8)
  3 polar bears
  A merfolk (D:10)
  A hellwing (Lair:8)
  6 trolls
  22 blink frogs
  A trapdoor spider (D:12)
  A boulder beetle (Lair:8)
  51 yaks
  Sigmund (D:3)
  5 wyverns
  A deep elf mage (D:13)
  2 vampires
  2 hungry ghosts
  Eustachio (D:6)
  3 basilisks
  5 hippogriffs
  5 wraiths (D:10)
  A vampire mosquito (D:13)
  A warg (Orc:4)
  3 nagas (Lair:3)
  12 wolves
  16 porcupines
  14 water moccasins
  2 ice beasts
  28 orc warriors
  4 sky beasts
  A necrophage (D:11)
  17 ogres
  3 phantoms
  A centaur (D:7)
  14 crocodiles
  17 giant frogs
  2 big kobolds
  3 scorpions
  14 killer bees
  3 wights (D:8)
  4 electric eels
  3 crimson imps
  2 jellies
  3 quasits
  20 orc wizards
  4 centaur skeletons
  2 giant frog skeletons
  2 giant frog zombies
  Crazy Yiuf (D:4)
  Ijyb (D:2)
  2 gnoll shamans (D:7)
  3 hounds
  17 orc priests
  Natasha (thrice) (D:2)
  A hell rat (D:9)
  8 iguanas
  18 sheep
  4 worker ants
  2 hound skeletons (D:4)
  A worker ant zombie (D:8)
  16 gnolls
  8 adders
  30 river rats
  3 shadow imps
  11 white imps (Lair:5)
  An ooze (D:1)
  4 worms
  An adder skeleton (D:4)
  7 giant geckos
  108 orcs
  7 bats
  8 goblins
  5 hobgoblins
  6 jackals
  17 kobolds
  3 quokkas
  A ball python (D:2)
  4 giant cockroaches
  6 giant newts
  7 rats
  A fungus (Lair:5)
  2 plants
739 creatures vanquished.

Vanquished Creatures (collateral kills)
  A fire dragon (Lair:1)
1 creature vanquished.

Vanquished Creatures (others)
  An acid blob (Slime:6)
  7 slime creatures
  A komodo dragon (Lair:6)
  A deep elf mage (D:11)
  A porcupine (Lair:2)
  2 orc warriors
  A water moccasin (Lair:4)
  A black bear (D:12)
  2 ogres
  2 eyes of draining
  A centaur (D:12)
  A giant frog (Lair:7)
  2 scorpions (D:11)
  2 crimson imps
  10 orc priests
  A giant frog skeleton (D:12)
  113 jellies
  An iguana (Lair:5)
  5 orc wizards
  4 worker ants
  2 sheep (Lair:4)
  A hound zombie (D:11)
  8 river rats (Lair:6)
  A white imp (Lair:5)
  A shadow imp (D:11)
  53 orcs
  A jackal (D:11)
  24 fungi
  14 plants
264 creatures vanquished.

Grand Total: 1004 creatures vanquished

Notes
Turn   | Place    | Note
--------------------------------------------------------------
     0 | D:1      | dorian the Troll Monk began the quest for the Orb.
     0 | D:1      | Reached XP level 1. HP: 22/22 MP: 0/0
   156 | D:1      | Reached XP level 2. HP: 29/29 MP: 1/1
   578 | D:1      | Reached XP level 3. HP: 34/36 MP: 2/2
   770 | D:2      | Noticed Natasha
   779 | D:2      | Killed Natasha
   779 | D:2      | Reached skill level 5 in Unarmed Combat
   848 | D:2      | Reached XP level 4. HP: 44/44 MP: 3/3
   972 | D:2      | Noticed Natasha
   978 | D:2      | Killed Natasha
  1123 | D:2      | Noticed Natasha
  1137 | D:2      | Killed Natasha
  1205 | D:2      | Noticed Ijyb
  1213 | D:2      | Killed Ijyb
  1386 | D:3      | Found a glowing silver altar of Zin.
  1389 | D:3      | Noticed Sigmund
  1390 | D:3      | Noticed an ogre
  1594 | D:3      | Reached skill level 6 in Unarmed Combat
  1594 | D:3      | Reached XP level 5. HP: 53/53 MP: 4/4
  1640 | D:3      | Killed an ogre
  1686 | D:3      | Found a radiant altar of Vehumet.
  1689 | D:3      | Found a stormy altar of Qazlal.
  1694 | D:3      | Found an ancient bone altar of Kikubaaqudgha.
  1782 | D:3      | Found a shadowy altar of Dithmenos.
  1796 | D:3      | Reached XP level 6. HP: 61/61 MP: 5/5
  1897 | D:3      | Reached skill level 7 in Unarmed Combat
  2104 | D:3      | Killed Sigmund
  2184 | D:4      | Noticed Crazy Yiuf
  2192 | D:4      | Killed Crazy Yiuf
  2377 | D:4      | Reached skill level 8 in Unarmed Combat
  2389 | D:4      | Reached XP level 7. HP: 47/67 MP: 6/6
  2683 | D:4      | Reached skill level 9 in Unarmed Combat
  3032 | D:5      | Entered Level 5 of the Dungeon
  3201 | D:5      | Found a staircase to the Ecumenical Temple.
  3211 | Temple   | Entered the Ecumenical Temple
  3271 | D:5      | Reached skill level 10 in Unarmed Combat
  3271 | D:5      | Reached XP level 8. HP: 67/75 MP: 7/7
  3337 | D:5      | Found a basalt altar of Yredelemnul.
  3456 | D:5      | Reached skill level 1 in Armour
  3524 | D:5      | Found a white marble altar of Elyvilon.
  3816 | D:6      | Noticed lucasterio's ghost (novice MiBe)
  4285 | D:6      | Noticed Eustachio
  4291 | D:6      | Killed Eustachio
  4359 | D:6      | Killed lucasterio's ghost
  4359 | D:6      | Reached skill level 11 in Unarmed Combat
  4359 | D:6      | Reached XP level 9. HP: 37/84 MP: 8/8
  5471 | D:7      | Reached skill level 5 in Fighting
  5564 | D:7      | Reached skill level 12 in Unarmed Combat
  5820 | D:7      | Found Heulau's Food Shop.
  6164 | D:7      | Found a radiant altar of Vehumet.
  6554 | D:7      | Reached XP level 10. HP: 96/96 MP: 9/9
  6662 | D:7      | Noticed a centaur zombie
  6682 | D:7      | Killed a centaur zombie
  6828 | D:8      | Found Hydalece's Magic Scroll Shop.
  7172 | D:8      | Noticed Joseph
  7186 | D:8      | Killed Joseph
  7300 | D:8      | Reached skill level 13 in Unarmed Combat
  7411 | D:8      | Reached skill level 5 in Armour
  7574 | D:8      | Bought a scroll of enchant armour for 105 gold pieces
  7574 | D:8      | Bought a scroll of blinking for 105 gold pieces
  7758 | D:9      | Found a staircase to the Orcish Mines.
  7873 | D:9      | Gained mutation: Your magical capacity is low (-10% MP). [mutagenic meat]
  7874 | D:9      | Lost mutation: Your magical capacity is low (-10% MP). [mutagenic meat]
  7875 | D:9      | Gained mutation: Armour fits poorly on your strangely shaped body. [mutagenic meat]
  7876 | D:9      | Gained mutation: Your mind is acute. (Int +2) [mutagenic meat]
  8320 | D:9      | Found a staircase to the Lair.
  8752 | D:9      | Reached XP level 11. HP: 28/107 MP: 10/10
  8858 | Lair:1   | Entered Level 1 of the Lair of Beasts
  8872 | D:9      | Gained mutation: You are robust (+10% HP). [potion of beneficial mutation]
  8887 | Lair:1   | Found a bloodstained altar of Trog.
  9171 | Lair:1   | Noticed a fire dragon
  9232 | Lair:1   | Killed a fire dragon
  9232 | Lair:1   | Reached skill level 14 in Unarmed Combat
 10456 | Lair:6   | Found a viscous altar of Jiyva.
 10456 | Lair:6   | Found a staircase to the Slime Pits.
 10460 | Lair:6   | Became a worshipper of Jiyva Jaejeggo the Shapeless
 10460 | Lair:6   | Reached * piety under Jiyva
 10460 | Lair:6   | Reached ** piety under Jiyva
 10570 | Lair:4   | Noticed an eight-headed hydra
 10654 | Lair:2   | Noticed an eight-headed hydra
 10957 | Lair:2   | Reached skill level 1 in Maces & Flails
 11590 | Lair:3   | Found a staircase to the Snake Pit.
 11596 | Lair:3   | Reached XP level 12. HP: 127/129 MP: 11/11
 12111 | Lair:4   | Reached skill level 5 in Maces & Flails
 12142 | Lair:4   | Reached *** piety under Jiyva
 12437 | Lair:4   | Reached skill level 5 in Dodging
 12438 | Lair:4   | Found a staircase to the Shoals.
 13497 | Lair:5   | Noticed Nessos
 13558 | Lair:5   | Noticed a five-headed hydra
 13587 | Lair:5   | Killed a five-headed hydra
 13605 | Lair:5   | Gained mutation: Your muscles are strong. (Str +2) [Jiyva's grace]
 13882 | Lair:5   | Killed Nessos
 14337 | Lair:5   | Reached **** piety under Jiyva
 14539 | Lair:6   | Gained mutation: You have acidic saliva. [Jiyva's grace]
 14664 | Lair:6   | Reached XP level 13. HP: 110/136 MP: 12/12
 15364 | Lair:6   | Gained mutation: Armour fits poorly on your pseudopods. [Jiyva's grace]
 15399 | Lair:7   | Reached ***** piety under Jiyva
 15850 | Lair:7   | Reached skill level 10 in Maces & Flails
 16346 | Lair:7   | Gained mutation: You have a small jelly attached to you that senses nearby items. [Jiyva's grace]
 16562 | Lair:8   | Entered Level 8 of the Lair of Beasts
 17582 | Lair:8   | Reached XP level 14. HP: 92/148 MP: 13/13
 17603 | Lair:8   | Noticed a dire elephant
 17615 | Lair:8   | Killed a dire elephant
 17744 | Lair:8   | Found a burning altar of Makhleb.
 17794 | Lair:8   | Reached skill level 15 in Unarmed Combat
 18016 | Lair:8   | Found a gateway to Hell.
 18678 | Orc:1    | Entered Level 1 of the Orcish Mines
 18761 | Orc:1    | Noticed Nergalle
 18780 | Orc:1    | Killed Nergalle
 18781 | Orc:1    | Found a bloodstained altar of Trog.
 18803 | Orc:1    | Lost mutation: Your mind is acute. (Int +2) [Jiyva's grace]
 18809 | Orc:1    | Lost mutation: Armour fits poorly on your pseudopods. [Jiyva's grace]
 18829 | Orc:1    | Reached ****** piety under Jiyva
 18858 | Orc:1    | Noticed Snorg
 18872 | Orc:1    | Killed Snorg
 19089 | Orc:1    | Gained mutation: Your body is partially covered in golden eyeballs (Acc +3). [Jiyva's grace]
 19247 | Orc:2    | Gained mutation: You can spit weak poison. [Jiyva's grace]
 19355 | Orc:1    | Lost mutation: You have a small jelly attached to you that senses nearby items. [Jiyva's grace]
 19439 | Orc:3    | Found a roughly hewn altar of Beogh.
 19445 | Orc:3    | Noticed Sagrath01's ghost (journeyman CeTm)
 19463 | Orc:3    | Killed Sagrath01's ghost
 19512 | Orc:3    | Lost mutation: You can spit weak poison. [Jiyva's grace]
 19583 | Orc:4    | Entered Level 4 of the Orcish Mines
 19633 | Orc:3    | Lost mutation: Your muscles are strong. (Str +2) [Jiyva's grace]
 19776 | Orc:3    | Noticed an orc warlord
 19810 | Orc:3    | Killed an orc warlord
 19873 | Orc:3    | Gained mutation: Your flesh is heat resistant. [Jiyva's grace]
 20242 | Orc:4    | Gained mutation: You have a small jelly attached to you that may absorb incoming projectiles. [Jiyva's grace]
 20265 | Orc:4    | Found a staircase to the Elven Halls.
 20558 | Orc:4    | Lost mutation: Your body is partially covered in golden eyeballs (Acc +3). [Jiyva's grace]
 20716 | Orc:4    | Found Cetsoff's Food Shoppe.
 20907 | Orc:4    | Lost mutation: You are robust (+10% HP). [Jiyva's grace]
 20960 | Orc:4    | Reached skill level 1 in Throwing
 21257 | Orc:4    | Found Neemmaol's Distillery.
 21260 | Orc:4    | Found Zaunn's Book Boutique.
 21263 | Orc:4    | Found Ijokani's Weapon Boutique.
 21282 | Orc:4    | Bought a potion of haste for 160 gold pieces
 21282 | Orc:4    | Bought a potion of heal wounds for 80 gold pieces
 21282 | Orc:4    | Bought a potion of heal wounds for 80 gold pieces
 21282 | Orc:4    | Bought a potion of haste for 160 gold pieces
 21282 | Orc:4    | Bought a potion of might for 64 gold pieces
 21282 | Orc:4    | Bought a potion of might for 64 gold pieces
 21282 | Orc:4    | Bought a potion of curing for 48 gold pieces
 21637 | Slime:1  | Entered Level 1 of the Pits of Slime
 21650 | Slime:2  | Noticed Dissolution
 21685 | Slime:6  | Entered Level 6 of the Pits of Slime
 21685 | Slime:6  | Noticed an azure jelly
 21698 | Slime:6  | Noticed an acid blob
 21701 | Slime:6  | Lost mutation: Armour fits poorly on your strangely shaped body. [Jiyva's grace]
 21708 | Slime:6  | Found a viscous altar of Jiyva.
 21708 | Slime:6  | Noticed an acid blob
 21708 | Slime:6  | Noticed an acid blob
 21712 | Slime:6  | Noticed the royal jelly
 21725 | Slime:6  | Gained mutation: Your rubbery body absorbs attacks (AC +1). [Jiyva's grace]
 21735 | Slime:6  | Identified Bioggong's Grimoire of Nocuous Conjuration
 21738 | Slime:6  | Noticed an acid blob
 21744 | Slime:6  | Noticed an acid blob
 21744 | Slime:6  | Gained mutation: You are robust (+10% HP). [Jiyva's grace]
 21749 | Slime:6  | Noticed an acid blob
 21750 | Slime:6  | Noticed an acid blob
 21755 | Slime:6  | Got a slimy rune of Zot
 21784 | Slime:6  | Got a translucent mace
 21803 | Slime:6  | Identified the Almanac of Arcane Weapons and Ignition (You found it on level 6 of the Pits of Slime)
 21814 | Slime:6  | Identified the +1 mace of Subterfuge {drain, Str+3} (You found it on level 6 of the Pits of Slime)
 21906 | Slime:6  | Killed an acid blob
 22298 | Snake:1  | Entered Level 1 of the Snake Pit
 22426 | Lair:3   | Gained mutation: Your muscles are strong. (Str +2) [Jiyva's grace]
 22768 | D:10     | Entered Level 10 of the Dungeon
 22920 | D:10     | Found a stormy altar of Qazlal.
 22933 | D:10     | Noticed Josephine
 22955 | D:10     | Killed Josephine
 23360 | D:10     | Lost mutation: You are robust (+10% HP). [Jiyva's grace]
 23692 | D:11     | Gained mutation: Armour fits poorly on your pseudopods. [Jiyva's grace]
 24053 | D:11     | Reached XP level 15. HP: 103/146 MP: 14/14
 24069 | D:11     | Gained mutation: You can breathe flames. [mutagenic meat]
 24167 | D:11     | Lost mutation: Your muscles are strong. (Str +2) [Jiyva's grace]
 24457 | D:12     | Reached skill level 10 in Dodging
 24484 | D:12     | Gained mutation: Your skin is partially translucent (Stealth, -foe acc). [Jiyva's grace]
 24723 | D:12     | Gained mutation: You have a pair of small antennae on your head. [Jiyva's grace]
 25418 | D:13     | Found a gate to the Vaults.
 25461 | D:13     | Gained mutation: Your body is partially covered in golden eyeballs (Acc +3). [Jiyva's grace]
 25772 | D:13     | Found a runed door.
 25802 | D:13     | Killed from afar by a war gargoyle

Action                   |  1- 3 |  4- 6 |  7- 9 | 10-12 | 13-15 || total
-------------------------+-------+-------+-------+-------+-------++-------
Melee: Unarmed           |    88 |   128 |   289 |   694 |  1217 ||  2416
       Giant spiked club |       |       |       |    24 |    17 ||    41
Throw: Tomahawk          |       |       |     3 |     9 |     2 ||    14
       Throwing net      |       |       |       |     2 |       ||     2
       Javelin           |       |       |       |     8 |     8 ||    16
Invok: Request Jelly     |       |       |       |     2 |       ||     2
       Jelly Paralyse    |       |       |       |       |     9 ||     9
       Slimify           |       |       |       |       |     1 ||     1
Evoke: Wand              |       |     2 |     6 |     6 |     3 ||    17
       Fan of gales      |       |       |       |     1 |       ||     1
  Use: Potion            |       |       |     6 |     7 |     7 ||    20
       Scroll            |       |       |     4 |    16 |    13 ||    33
 Stab: Sleeping          |     6 |     1 |     3 |     8 |    11 ||    29
       Distracted        |       |       |     1 |     1 |     2 ||     4
       Invisible         |       |       |       |       |     6 ||     6
       Confused          |       |       |       |       |     6 ||     6
  Eat: Chunk             |    13 |    13 |    37 |    86 |    80 ||   229
       Pizza             |       |       |     1 |       |     1 ||     2
